 Dungeon Crawl Stone Soup version 0.29.0-7-g18a832c13a (webtiles) character file.

Game seed: 8065830210430840796

812 Arum the Firebug (level 7, -3/46 HPs)
             Began as a Demonspawn Fire Elementalist on Aug 30, 2022.
             Slain by a troll (7 damage)
             ... on level 5 of the Dungeon.
             The game lasted 00:12:53 (6265 turns).

Arum the Firebug (Demonspawn Fire Elementalist)     Turns: 6265, Time: 00:12:54

Health: -3/46      AC:  7    Str:  8    XL:     7   Next: 61%
Magic:  2/14       EV: 12    Int: 18    God:
Gold:   292        SH:  0    Dex: 14    Spells: 8/15 levels left

rFire   . . .      SeeInvis .   s - +5 quarterstaff (chaos)
rCold   . . .      Faith    .   (shield currently unavailable)
rNeg    . . .      Spirit   .   E - +0 steam dragon scales
rPois   .          Reflect  .   (no helmet)
rElec   .          Harm     .   t - +0 cloak
rCorr   .          Rampage  .   w - +0 pair of gloves
Will    .....                   (no boots)
Stlth   ++........              e - amulet of regeneration
HPRegen 0.95/turn               d - +4 ring of slaying
MPRegen 0.14/turn               h - +4 ring of slaying

@: no status effects
A: spiny 1, weakness stinger 2
a: no special abilities


You were on level 5 of the Dungeon.
You visited 1 branch of the dungeon, and saw 5 of its levels.
You also visited: Ossuary.

You collected 292 gold pieces.

Inventory:

Hand Weapons
 k - a +0 dagger
 s - a +5 quarterstaff of chaos (weapon)
Armour
 t - a +0 cloak (worn)
 w - a +0 pair of gloves (worn)
 E - +0 steam dragon scales (worn)
Magical Staves
 B - a staff of earth
Jewellery
 d - a +4 ring of slaying (left hand)
 e - an amulet of regeneration (around neck)
 h - a +4 ring of slaying (right hand)
 i - a ring of willpower
Wands
 r - a wand of roots (9)
Scrolls
 a - a scroll of enchant armour {unknown}
 c - a scroll of torment
 j - 3 scrolls of enchant weapon
 l - a scroll of teleportation
 m - a scroll of fear
 n - 3 scrolls of immolation
 y - a scroll of blinking
 A - 2 scrolls of poison
 C - a scroll of vulnerability
Potions
 b - a potion of magic
 f - a potion of attraction
 g - a potion of haste {unknown}
 o - 2 potions of flight
 p - 2 potions of mutation
 q - a potion of resistance
 u - a potion of lignification
 v - a potion of might {unknown}
 x - 2 potions of degeneration
 z - a potion of curing {unknown}
 D - a potion of cancellation {unknown}


   Skills:
 - Level 1.7 Dodging
 - Level 1.7 Stealth
 + Level 4.9 Spellcasting
 + Level 4.9 Conjurations
 + Level 5.2 Fire Magic


You had 8 spell levels left.
You knew the following spells:

 Your Spells              Type           Power      Damage    Failure   Level
a - Foxfire               Conj/Fire      88%        2x1d8     1%          1
b - Scorch                Fire           46%        2d7       2%          2
c - Flame Wave            Conj/Fire      22%        2d8       17%         4

Your spell library contained the following spells:

 Spells                   Type           Power      Damage    Failure   Level
 Conjure Flame            Conj/Fire      22%        6-21      4%          3
 Inner Flame              Hex/Fire       13%        N/A       14%         3
 Ensorcelled Hibernation  Hex/Ice        8%         N/A       21%         2
 Passwall                 Tmut/Erth      3%         N/A       21%         2
 Swiftness                Air            4%         N/A       38%         3
 Tukima's Dance           Hex            4%         N/A       38%         3
 Vampiric Draining        Necr           4%         2d6       38%         3
 Passage of Golubria      Tloc           4%         N/A       80%         4
 Agony                    Necr           4%         N/A       98%         5
 Yara's Violent Unravell  Hex/Tmut       2%         3d3       98%         5
 Haunt                    Necr/Summ      2%         N/A       100%        7


Dungeon Overview and Level Annotations

Branches:
Dungeon (5/15)            Ossuary (visited)
 Temple: D:4-7

Altars:
Okawaru

Annotations:
D:5 Ijyb


Innate Abilities, Weirdness & Mutations

You are partially covered in sharp spines.
You have a tail ending in a sharp stinger.


Message History

The orc is severely wounded.
The foxfire hits the orc.
You kill the orc!
You conjure some foxfire!
A troll comes into view.
The foxfire hits the troll but does no damage.
The foxfire hits the troll.
The troll is lightly wounded.
Casting: Foxfire (safe; 1% risk of failure)
Confirm with . or Enter, or press ? or * to list all spells.
Flames lash the troll.
The troll is lightly wounded.
The troll's fire resistance burns away.
Casting: Scorch (safe; 2% risk of failure)
Confirm with . or Enter, or press ? or * to list all spells.
Flames lash the troll.
The troll is burned terribly!
The troll is moderately wounded.
Casting: Scorch (safe; 2% risk of failure)
Confirm with . or Enter, or press ? or * to list all spells.
Flames lash the orc.
You kill the orc!
The troll bites you! The troll claws you. The troll completely misses you.
Ijyb the Twisted Goblin comes into view.
She is wielding a +0 dagger of flaming and carrying a wand of charming (6).
Ijyb zaps a wand.
You resist with some effort. The troll attacks as you move away!
The troll bites you! The troll claws you but does no damage.
The troll closely misses you.
Casting: Scorch (safe; 2% risk of failure)
Confirm with . or Enter, or press ? or * to list all spells.
Flames lash the orc.
You kill the orc!
The troll is struck by your spines. The troll bites you but does no damage.
The troll claws you! The troll barely misses you.
Casting: Scorch (safe; 2% risk of failure)
Confirm with . or Enter, or press ? or * to list all spells.
Flames lash the troll.
The troll is burned terribly!
The troll is heavily wounded.
The troll bites you!
* * * LOW HITPOINT WARNING * * *
The troll claws you!
You die...

###.###.# #..# # .#.##
#.# #..#.# #.## #.#
#..#g ...# #.# ...)
##.####.##########.)# #
..................).#.#
#######.####.........$#
#.##########)####
#........>@T.#
############## ########
#..<...# #.####.....
##.# ### <..# ####


You could see a troll (combustible).

Vanquished Creatures
  The ghost of sanka the Ruffian, an amateur DrMo (D:4)
  An elf zombie (Ossuary)
  A jelly (D:4)
  An orc priest (D:4)
  A centaur zombie (Ossuary)
  Crazy Yiuf (D:3)
  2 human zombies (Ossuary)
  An iguana (D:5)
  An orc wizard (D:4)
  4 ogre zombies (Ossuary)
  7 mummies (Ossuary)
  6 adders
  An ufetubus (D:4)
  5 adder zombies (Ossuary)
  6 worms
  2 dart slugs
  17 orcs
  9 ball pythons
  7 bats
  6 endoplasms
  4 giant cockroaches
  4 goblins
  6 hobgoblins
  6 jackals
  5 kobolds
  A quokka (D:1)
  3 frilled lizards
  2 gnoll zombies (Ossuary)
  2 goblin zombies (Ossuary)
  7 hobgoblin zombies (Ossuary)
  3 kobold zombies (Ossuary)
  2 quokka zombies (Ossuary)
  5 rats
  A rat zombie (Ossuary)
131 creatures vanquished.

Vanquished Creatures (others)
  254 foxfires
  2 plants (D:3)
256 creatures vanquished.

Grand Total: 387 creatures vanquished

Notes
Turn   | Place    | Note
-------+----------+-------------------------------------------
     0 | D:1      | Arum the Demonspawn Fire Elementalist began the quest for
                  | the Orb.
     0 | D:1      | Reached XP level 1. HP: 13/13 MP: 3/3
   573 | D:1      | Gained mutation: You have a small tail. [demonic ancestry]
   573 | D:1      | Reached XP level 2. HP: 14/19 MP: 1/5
   652 | D:1      | Learned a level 2 spell: Scorch
   774 | D:1      | Reached skill level 3 in Fire Magic
   823 | D:1      | Found a faded altar of an unknown god.
  1106 | D:1      | Gained mutation: You are partially covered in sharp spines.
                  | [demonic ancestry]
  1106 | D:1      | Reached XP level 3. HP: 22/24 MP: 2/6
  1507 | D:1      | Got Lopied's Parchment of Black Secrets
  2065 | D:2      | Reached XP level 4. HP: 30/30 MP: 1/8
  2387 | D:2      | You fall into a shaft and drop 1 floor!
  3602 | D:3      | Found a runed translucent door.
  3603 | D:3      | Noticed Crazy Yiuf
  3609 | D:3      | Killed Crazy Yiuf
  3610 | D:3      | Gained mutation: You have a tail ending in a sharp stinger.
                  | [demonic ancestry]
  3610 | D:3      | Reached XP level 5. HP: 21/35 MP: 2/9
  4116 | D:4      | Found an iron altar of Okawaru.
  4136 | D:4      | Learned a level 4 spell: Flame Wave
  4188 | D:4      | Found a sand-covered staircase.
  4200 | Ossuary  | Entered an ossuary
  4255 | Ossuary  | Reached skill level 4 in Fire Magic
  4292 | Ossuary  | Reached XP level 6. HP: 38/41 MP: 0/11
  4963 | Ossuary  | Reached XP level 7. HP: 44/46 MP: 13/13
  5088 | D:4      | Found a runed translucent gate.
  5688 | D:4      | Found a runed translucent gate.
  5690 | D:4      | Found a runed translucent gate.
  5690 | D:4      | Noticed sanka's ghost (amateur DrMo)
  6059 | D:4      | Killed sanka's ghost
  6060 | D:4      | Reached skill level 5 in Fire Magic
  6156 | D:5      | Entered Level 5 of the Dungeon
  6257 | D:5      | Noticed a troll
  6260 | D:5      | Noticed Ijyb
  6265 | D:5      | Slain by a troll

Illustrated notes

Levels and vault maps discovered:
D:1:      lightli_molten_gateway, layout_loops_ring,
          nicolae_ecumenical_snake_handling, chequers_avenue
D:2:      layout_basic, nicolae_wormholes
D:3:      layout_loops_ring, serial_co_window_serial, co_window_corner_a,
          co_window_paths_a, co_window_paths_b, co_window_paths_a,
          co_window_corner_a, co_window_paths_a, co_window_cross_1,
          co_window_corner_b, co_window_corner_cb, co_window_2corner,
          co_window_broadway_c, co_window_paths_e, glass_columns_b,
          minmay_misc_feat_pillars, corexii_shack, kennysheep_another_room,
          uniq_crazy_yiuf_cottage
D:4:      layout_cave_pods, okawaru_gym_becter, enter_ossuary_2,
          gammafunk_ghost_split
D:5:      layout_loops_ring, gammafunk_ghost_grave, serial_shops,
          nicolae_shop_crystal, nicolae_diamond_shop, uniq_ijyb

Skill      XL: |  1  2  3  4  5  6  7 |
---------------+----------------------+-----
Fire Magic     | 3 4 5 |  5.2
Conjurations   | 2 3 4 |  4.9
Spellcasting   | 3 4 |  4.9
Dodging        | |  1.7
Stealth        | |  1.7

Action                   |  1- 3 |  4- 6 |  7- 9 || total
-------------------------+-------+-------+-------++-------
Melee: Unarmed           |    12 |       |       ||    12
       Punch             |     1 |       |       ||     1
       Tailslap          |     1 |     8 |     2 ||    11
       Dagger            |     3 |     4 |       ||     7
       Quarterstaff      |       |    52 |    10 ||    62
 Cast: Foxfire           |    61 |    62 |    28 ||   151
       Scorch            |     9 |    27 |    14 ||    50
       Flame Wave        |       |       |     1 ||     1
  Use: Scroll            |       |    12 |     5 ||    17
 Stab: Sleeping          |       |     4 |     2 ||     6
Armor: Robe              |     4 |     9 |     1 ||    14
       Steam dragon scal |       |       |     2 ||     2
Dodge: Dodged            |    19 |    18 |     9 ||    46
